 Dungeon Crawl Stone Soup version 0.22-a0-533-g4d20840 (webtiles) character file.

0 Amnesiac the Ducker (level 1, -9/11 HPs)
             Began as a Spriggan Abyssal Knight on June 23, 2018.
             Was a Follower of Lugonu.
             Mangled by a thrashing horror (12 damage)
             ... on level 1 of the Abyss.
             The game lasted 00:00:45 (215 turns).

Amnesiac the Ducker (Spriggan Abyssal Knight)        Turns: 215, Time: 00:00:46

Health: -9/11      AC:  2    Str:  8    XL:     1   Next: 0%
Magic:  3/3        EV: 18    Int: 13    God:    Lugonu [*.....]
Gold:   0          SH:  0    Dex: 15    Spells: 0/0 levels left

rFire    . . .     SeeInvis +   a - +1 short sword
rCold    . . .     Gourm    .   (shield restricted)
rNeg     . . .     Faith    .   b - +0 robe
rPois    .         Spirit   .   (helmet restricted)
rElec    .         Reflect  .   (no cloak)
rCorr    .         Harm     .   (gloves unavailable)
MR       .....                  (boots unavailable)
Stlth    +.........             (no amulet)
HPRegen  0.03/turn              (no ring)
MPRegen  0.08/turn              (no ring)

@: very quick
A: very small, unfitting armour, see invisible, herbivore, speed 3, slow
metabolism 2
a: Depart the Abyss, Renounce Religion


You were on level 1 of the Abyss.
You worshipped Lugonu.
Lugonu was aware of your devotion.
You were not hungry.

You visited 0 branches of the dungeon, and saw 0 of its levels.
You visited the Abyss 1 time.

Inventory:

Hand Weapons
 a - a +1 short sword (weapon)
Armour
 b - a +0 robe (worn)
Comestibles
 c - a ration


   Skills:
 - Level 2.4 Fighting
 - Level 2.1 Short Blades
 - Level 3.5 Dodging
 + Level 0.0 Stealth
 - Level 1.7 Invocations


You couldn't memorise any spells.
You didn't know any spells.
Your spell library was empty.

Dungeon Overview and Level Annotations

Branches:
Dungeon (0/15)

Altars:


Innate Abilities, Weirdness & Mutations

You are very small and have problems with some larger weapons.
You are too small for most types of armour.
You have supernaturally acute eyesight. (SInv)
You are a herbivore.
You cover ground extremely quickly.
You need to consume almost no food.


Message History

Welcome, Amnesiac the Spriggan Abyssal Knight.
The bosom of this dungeon contains the fabled artefact, the Orb of Zot.
Lugonu says: Depart the Abyss and spread corruption, my servant! (use the ability menu to exit the Abyss) Press ? for a list of commands and other information.
Found a corrupted altar of Lugonu.
You enter the shallow water.
Moving in this stuff is going to be slow.
You enter the shallow water.
Moving in this stuff is going to be slow.
A smoke demon materialises.
There are monsters nearby!
There are monsters nearby!
There are monsters nearby!
The smoke demon roars!
You feel yourself growing ill in the presence of the ancient zyme.
A small abomination comes into view.
An ancient zyme comes into view.
You feel yourself growing ill in the presence of the ancient zyme.
A tentacled starspawn and a large abomination come into view.
You feel ill.
Found a scroll labeled WAPSUH UFUCAFA.
A small abomination comes into view.
Found 11 stones.
You see here a scroll labeled WAPSUH UFUCAFA {!r}.
Really read a scroll labeled WAPSUH UFUCAFA {!r}?
As you read the scroll labeled WAPSUH UFUCAFA {!r}, it crumbles to dust.
It is a scroll of identify.
You don't have any unidentified items.
A smoke demon comes into view.
The white imp shouts, "Slither home, thou jarring ill-breeding shrunken violet!"
The white imp gestures at you. The puff of frost hits you!
A tentacled starspawn comes into view.
The tentacled starspawn bites you.
* * * LOW HITPOINT WARNING * * *
The tentacled starspawn completely misses you.
Found 9 gold pieces.
Found a puce potion.
Tentacles burst from the starspawn's body! 2 starspawn tentacles come into view.
Found 10 gold pieces.
You start resting.
You feel your health improve.
You start resting.
A small abomination comes into view.
A small abomination is nearby!
A wretched star comes into view.
A thrashing horror comes into view.
The thrashing horror roars!
The thrashing horror moves out of view.
The thrashing horror barely misses you. The thrashing horror tramples you.
* * * LOW HITPOINT WARNING * * *
You hold your ground!
The thrashing horror roars!
The thrashing horror tramples you!
Ouch! That really hurt!
You die...

#...# .#..# .... ...
#... .. # ##..# ###.
## # #..##..##.# .#
#....#.#@#..#.# ..#
.#..#....X...#
##.### #......#.##
##.###..#....#.#.#
##......#....#.##..#
.#....x#.# ## ## ..
.#...#...*§
..#.#.###..§## # #.#
# #..##


You could see a thrashing horror and a small abomination.

Vanquished Creatures (others)
  2 starspawn tentacles (Abyss:1)
2 creatures vanquished.

Notes
Turn   | Place    | Note
-------+----------+-------------------------------------------
     0 | Abyss:1  | Amnesiac the Spriggan Abyssal Knight began the quest for the Orb.
     0 | Abyss:1  | Reached XP level 1. HP: 11/11 MP: 3/3
    68 | Abyss:1  | Noticed a smoke demon
    68 | Abyss:1  | Noticed an ancient zyme
    68 | Abyss:1  | Noticed a small abomination
    81 | Abyss:1  | Noticed a small abomination
    86 | Abyss:1  | Noticed an ancient zyme
    92 | Abyss:1  | Noticed a large abomination
    92 | Abyss:1  | Noticed a tentacled starspawn
    99 | Abyss:1  | Noticed a small abomination
   111 | Abyss:1  | Noticed a smoke demon
   124 | Abyss:1  | Noticed a tentacled starspawn
   198 | Abyss:1  | Noticed a small abomination
   209 | Abyss:1  | Noticed a wretched star
   212 | Abyss:1  | Noticed a thrashing horror
   215 | Abyss:1  | Mangled by a thrashing horror

Vault maps used:

Action                   || total
-------------------------++-------
  Use: Scroll            ||     1
Dodge: Dodged            ||     2

Table legend:
 A = Spawn XP
 B = Non-spawn XP
 C = Spawn XP percentage of total XP
 D = Spawn monster count
 E = Non-spawn monster count
 F = Spawn count percentage of total count
 G = Total turns spent on level
                    A         B        C        D         E        F      G
               +---------+---------+-------+---------+---------+-------+---------
         Total |       0 |       0 |   N/A |       0 |       0 |   N/A |   215
               +---------+---------+-------+---------+---------+-------+---------
               +---------+---------+-------+---------+---------+-------+---------
